 Dungeon Crawl Stone Soup version 0.26.1-10-gdfb7c7de75 (webtiles) character file.

Game seed: 11341983528138925724

1236 Almogavar the Slinger (level 8, 0/54 HPs)
             Began as a Halfling Hunter on Apr 7, 2021.
             Was an Initiate of Okawaru.
             Slain by Maggie
             ... wielding a +1 vorpal morningstar
              (7 damage)
             ... on level 6 of the Dungeon.
             The game lasted 00:15:13 (7117 turns).

Almogavar the Slinger (Halfling Hunter)             Turns: 7117, Time: 00:15:13

Health: 0/54       AC:  9    Str: 11 (13) XL:     8   Next: 78%
Magic:  8/8        EV: 14    Int:  8 (11) God:    Okawaru [......]
Gold:   350        SH:  0    Dex: 16 (17) Spells: 7/7 levels left

rFire    . . .     SeeInvis .   u - +5 mace of Uncomfortable Rashes {vorpal, +Fly Int+2}
rCold    . . .     Faith    .   (shield restricted)
rNeg     . . .     Spirit   .   t - +0 ring mail
rPois    .         Reflect  .   (no helmet)
rElec    .         Harm     .   r - +0 cloak
rCorr    .         Rampage  .   e - +0 pair of gloves
Will     .....                  v - +0 pair of boots
Stlth    +.........             (no amulet)
HPRegen  0.18/turn              (no ring)
MPRegen  0.11/turn              (no ring)

@: mesmerised, hasted, very quick
A: small, mutation resistance 1
a: Renounce Religion, Evoke Flight


You were on level 6 of the Dungeon.
You worshipped Okawaru.
Okawaru was noncommittal.
You visited 2 branches of the dungeon, and saw 7 of its levels.

You collected 350 gold pieces.

Inventory:

Hand Weapons
 a - a +1 hunting sling
 l - a +1 dagger of venom
 u - the +5 mace of Uncomfortable Rashes (weapon) {vorpal, +Fly Int+2}
   (You found it on level 5 of the Dungeon)

   It inflicts extra damage upon your enemies.
   It affects your intelligence (+2).
   It lets you fly.
Missiles
 d - 11 sling bullets
 k - 199 stones (quivered)
Armour
 b - a +0 chain mail
 e - a +0 pair of gloves (worn)
 g - a +0 scale mail
 n - a +0 kite shield
 r - a +0 cloak (worn)
 t - a +0 ring mail (worn)
 v - a +0 pair of boots (worn)
Wands
 x - a wand of acid (8)
 y - a wand of iceblast (6)
 z - a wand of disintegration (12)
Scrolls
 f - 2 scrolls of teleportation
 j - 5 scrolls of remove curse
 p - a scroll of amnesia {unknown}
 w - a scroll of enchant armour {unknown}
Potions
 c - a potion of flight
 h - a potion of heal wounds {unknown}
 i - a potion of haste
 m - a potion of magic {unknown}
 o - a potion of might {unknown}
 s - a potion of brilliance


   Skills:
 + Level 4.5 Fighting
 + Level 0.3 Short Blades
 + Level 11.8 Slings
 + Level 4.0 Armour
 + Level 3.0 Dodging
 + Level 1.6 Stealth


You had 7 spell levels left.
You didn't know any spells.
Your spell library contained the following spells:

 Spells                   Type           Power        Failure   Level
 Beastly Appendage        Tmut           0%           69%         1
 Wereblood                Tmut           0%           83%         2
 Spider Form              Tmut/Pois      0%           96%         3
 Ice Form                 Ice/Tmut       0%           100%        4
 Blade Hands              Tmut           0%           100%        5


Dungeon Overview and Level Annotations

Branches:
Dungeon (6/15)             Temple (1/1) D:5

Altars:
Ashenzari
Dithmenos
Elyvilon
Fedhas
Hepliaklqana
Kikubaaqudgha
Makhleb
Okawaru
Trog
Vehumet
Wu Jian
Yredelemnul
Zin
The Shining One

Annotations:
D:5 2 transporters, Rabronis's ghost, amateur SpEE
D:6 Maggie


Innate Abilities, Weirdness & Mutations

You are small and have problems with some larger weapons.
You are somewhat resistant to further mutation.


Message History

Maggie is heavily wounded.
Maggie misses you.
You closely miss Maggie.
Maggie is heavily wounded.
Maggie closely misses you.
It was a potion of degeneration.
There was something very wrong with that liquid.
You feel weakened.
You feel dopey.
You feel clumsy.
Maggie mumbles some strange words.
Maggie draws you further into her thrall.
It was a potion of haste.
You feel yourself speed up. Maggie closely misses you.
You hit Maggie.
Maggie is severely wounded.
Maggie mumbles some strange words.
Maggie draws you further into her thrall.
You closely miss Maggie.
Maggie is severely wounded.
Maggie hits you with a +1 vorpal morningstar!
You die...

.).. #.##.............##
.(...#.................#
..(.. #...............#
.(.# #.......##....###
#. .(. ##.##.##.....##
#..##(##..#####.....##
#.....(....# #......#
.$.....@..## ####<.##
.##...#)@## ####
.[..###).# ..)...((.#
......(.## #........
.#....... #.....(..
#...###.# ##.# ##


You could see Maggie (mesmerising).

Vanquished Creatures
  A water moccasin (D:5)
  A phantom (D:5)
  2 ogres
  A bullfrog (D:6)
  A scorpion (D:4)
  A howler monkey (D:4)
  A bullfrog zombie (D:5)
  2 jellies (D:6)
  A centaur skeleton (D:4)
  Crazy Yiuf (D:5)
  A hound (D:5)
  3 orc priests
  2 orc wizards
  2 worker ants
  A killer bee zombie (D:5)
  A hound skeleton (D:5)
  9 adders
  3 gnolls (D:4)
  2 shadow imps (D:5)
  A white imp (D:5)
  2 ufetubi
  An ooze (D:1)
  An adder skeleton (D:4)
  5 worms
  4 dart slugs
  7 leopard geckos
  22 orcs
  3 ball pythons
  9 bats
  6 giant cockroaches
  9 goblins
  6 hobgoblins
  6 jackals
  10 kobolds
  4 quokkas
  A ball python zombie (D:5)
  3 frilled lizards
  12 rats
  A spectral orc (D:4)
149 creatures vanquished.

Notes
Turn   | Place    | Note
-------+----------+-------------------------------------------
     0 | D:1      | Almogavar the Halfling Hunter began the quest for the Orb.
     0 | D:1      | Reached XP level 1. HP: 14/14 MP: 1/1
    43 | D:1      | Reached skill level 6 in Slings
    54 | D:1      | Reached XP level 2. HP: 19/19 MP: 2/2
   216 | D:1      | Reached XP level 3. HP: 24/24 MP: 3/3
   340 | D:1      | Reached skill level 7 in Slings
   891 | D:2      | Reached XP level 4. HP: 30/30 MP: 4/4
   933 | D:2      | Reached skill level 1 in Armour
  1057 | D:2      | Found an ornate altar of the Wu Jian Council.
  1543 | D:3      | Reached XP level 5. HP: 35/35 MP: 5/5
  2120 | D:3      | Reached skill level 8 in Slings
  2978 | D:3      | Found a glowing golden altar of the Shining One.
  3268 | D:4      | Reached XP level 6. HP: 32/42 MP: 6/6
  3447 | D:4      | HP: 1/42 [scorpion (7)]
  3458 | D:4      | Reached skill level 9 in Slings
  3458 | D:4      | HP: 3/63 [poisoned by a scorpion]
  3464 | D:4      | HP: 2/63 [poisoned by a scorpion]
  3472 | D:4      | HP: 2/63 [poisoned by a scorpion]
  4202 | D:4      | Reached XP level 7. HP: 46/46 MP: 7/7
  4312 | D:4      | Found a basalt altar of Yredelemnul.
  4600 | D:4      | Found a radiant altar of Vehumet.
  4832 | D:5      | Entered Level 5 of the Dungeon
  4832 | D:5      | Found a transporter.
  4853 | D:5      | Found a transporter.
  4853 | D:5      | Noticed Rabronis's ghost (amateur SpEE)
  5168 | D:5      | Reached skill level 10 in Slings
  5317 | D:5      | Noticed a water moccasin
  5328 | D:5      | Killed a water moccasin
  5329 | D:5      | Reached XP level 8. HP: 42/54 MP: 8/8
  5641 | D:5      | Found a runed translucent door.
  5642 | D:5      | Noticed Crazy Yiuf
  5691 | D:5      | Found a white marble altar of Elyvilon.
  5719 | D:5      | Reached skill level 11 in Slings
  5772 | D:5      | Found a staircase to the Ecumenical Temple.
  6383 | Temple   | Entered the Ecumenical Temple
  6404 | Temple   | Became a worshipper of Warmaster Okawaru
  6473 | D:5      | Killed Crazy Yiuf
  6480 | D:5      | Got a smoking mace
  6481 | D:5      | Identified the +5 mace of Uncomfortable Rashes {vorpal,
                  | +Fly Int+2} (You found it on level 5 of the Dungeon)
  7091 | D:6      | Noticed Maggie
  7117 | D:6      | Slain by Maggie

Illustrated notes

Levels and vault maps discovered:
D:1:      kennysheep_arrival_seaside, layout_basic, minmay_pentomino_z4
D:2:      layout_loops_ring, nzn_wu_jian_contemplation
D:3:      layout_loops_corners, tso_altar, chequers_serial_rivers_large_a
D:4:      layout_basic, kennysheep_mini_moat,
          yredelemnul_forgotten_temple_becter
D:5:      layout_basic, elyvilon_altar_4, minmay_temple_entry_fiery,
          gup_sewer_entry_spiral, gammafunk_ghost_arena, uniq_crazy_yiuf_cottage
D:6:      minmay_skewed_foursquare, layout_cave_pools, uniq_maggie,
          uniq_eustachio, uniq_pikel
Temple:   nicolae_temple_great_sept

Skill      XL: |  1  2  3  4  5  6  7  8 |
---------------+-------------------------+-----
Slings         | 6 7 8 9 10 11 | 11.8
Fighting       | 2 3 4 |  4.5
Armour         | 1 2 3 4 |  4.0
Dodging        | 3 |  3.0
Short Blades   | |  0.3
Stealth        | |  1.6

Action                   |  1- 3 |  4- 6 |  7- 9 || total
-------------------------+-------+-------+-------++-------
Melee: Short sword       |     2 |    16 |       ||    18
       Dagger            |       |     1 |    15 ||    16
       Mace              |       |       |    19 ||    19
 Fire: Hunting sling     |    81 |   204 |   284 ||   569
  Use: Scroll            |       |     4 |     5 ||     9
       Potion            |       |     3 |     2 ||     5
Armor: Leather armour    |     2 |     2 |       ||     4
       Ring mail         |       |     6 |    24 ||    30
       Skin              |       |     3 |       ||     3
Dodge: Dodged            |     8 |    46 |    79 ||   133
